 Dungeon Crawl Stone Soup version 0.28-a0-726-g4a9143789a (webtiles) character file.

Game seed: 7522432170036402393

33 ragingrage the Poker (level 3, -18/29 HPs)
             Began as a Demonspawn Chaos Knight on Oct 27, 2021.
             Was a Plaything of Xom.
             Demolished by a cane toad (shapeshifter) (20 damage)
             ... on level 1 of the Dungeon.
             The game lasted 00:01:53 (1515 turns).

ragingrage the Poker (Demonspawn Chaos Knight)      Turns: 1515, Time: 00:01:54

Health: -18/29     AC:  5    Str: 13    XL:     3   Next: 12%
Magic:  3/3        EV: 11    Int: 13    God:    Xom [.*....]
Gold:   134        SH:  0    Dex: 12    Spells: 2/2 levels left

rFire   + . .      SeeInvis .   a - +0 spear (chaos)
rCold   . . .      Faith    .   (no shield)
rNeg    . . .      Spirit   .   b - +2 leather armour
rPois   .          Reflect  .   (no helmet)
rElec   .          Harm     .   (no cloak)
rCorr   .          Rampage  .   (no gloves)
Will    .....      Clarity  +   (no boots)
Stlth   +.........              (no amulet)
HPRegen 0.09/turn               (no ring)
MPRegen 0.08/turn               (no ring)

@: no status effects
A: powered by death 2, clarity, fire resistance 1
a: Renounce Religion


You were on level 1 of the Dungeon.
You worshipped Xom.
You were a plaything of Xom.
You visited 1 branch of the dungeon, and saw 2 of its levels.

You collected 134 gold pieces.

Inventory:

Hand Weapons
 a - a +0 spear of chaos (weapon)
Missiles
 e - 9 poisoned darts (quivered)
 g - 5 silver javelins
Armour
 b - a +2 leather armour (worn)
Scrolls
 c - a scroll of noise {unknown}
 d - a scroll of identify {unknown}
 f - 2 scrolls of fog {unknown}


   Skills:
 - Level 3.0 Fighting
 * Level 3.9 Polearms
 - Level 1.7 Armour
 - Level 0.8 Dodging


You had 2 spell levels left.
You didn't know any spells.
Your spell library contained the following spells:

 Spells                   Type           Power      Damage    Failure   Level
 Ensorcelled Hibernation  Hex/Ice        0%         N/A       52%         2
 Spider Form              Tmut/Pois      0%         N/A       75%         3


Dungeon Overview and Level Annotations

Branches:
Dungeon (2/15)

Altars:

Shops:
D:1 (


Innate Abilities, Weirdness & Mutations

You regenerate health from kills.
You possess an exceptional clarity of mind.
Your flesh is heat resistant. (rF+)


Message History

The troll is poisoned.
The troll is heavily wounded.
You feel a bit more experienced. "Hum-dee-hum-dee-hum..."
The troll changes into a shapeshifter!
The shapeshifter changes into a cane toad!
There is a stone staircase leading up here.
Throw: 10 darts (poison)
Press: ? - help, Q - select action, (/) - cycle Shift-Dir - straight line, f/p - cane toad
Aim: a cane toad shaped shifter (61% to hit)
You throw a poisoned dart.
The poisoned dart closely misses the cane toad.
You climb upwards.
There is a stone staircase leading down here.
Unknown command.
You start resting.
HP restored.
You climb downwards.
The cane toad closely misses you. The cane toad barely misses you.
There is a stone staircase leading up here.
The cane toad stings you but does no damage.
You climb upwards.
There is a stone staircase leading down here.
Unknown command.
You barely miss the cane toad. The cane toad closely misses you.
You completely miss the cane toad. The cane toad stings you!
A shower of butterflies erupts from you!
You barely miss the cane toad. "See what I see, my child!"
You detect creatures!
The cane toad stings you!
Ouch! That really hurt!
* * * LOW HITPOINT WARNING * * *
You closely miss the cane toad. The cane toad completely misses you.
The cane toad stings you.
* * * LOW HITPOINT WARNING * * *
Xom grants you some temporary aid.
You are now a plaything of Xom.
The cane toad stings you!!
Ouch! That really hurt!
You die...
Xom is highly amused!

...####################.........#
.................................
...####################..#......#
.### ############ #.##.######
.'.# #).........# ##.##.# ####
##.####.........># ##..##.###...
#.#.##......b5..# ##..###.#...##
#.#............F###..#......###
##.####....#.b.5@.5.......####
.+.<# ####...#[..#.....##########
.#.## ##.#...#..#..............
.#)######..#....................#
.#.##........b...................
.#.#.....###.........#.......(...
.'.#..................#####..>...
.###...............#.....###.....
.........##>...########...###..P.


You could see a cane toad shaped shifter (ally target), a friendly iron imp
(summoned), a friendly quasit (summoned) and a friendly shadow imp (summoned).

Vanquished Creatures
  A dart slug (D:1)
  4 ball pythons
  3 bats
  3 endoplasms (D:1)
  A goblin (D:2)
  6 hobgoblins (D:1)
  2 kobolds
  4 frilled lizards
  3 rats (D:1)
  A spectral kobold (D:2)
28 creatures vanquished.

Vanquished Creatures (others)
  3 fungi (D:1)
  3 toadstools (D:1)
6 creatures vanquished.

Grand Total: 34 creatures vanquished

Notes
Turn   | Place    | Note
-------+----------+-------------------------------------------
     0 | D:1      | ragingrage the Demonspawn Chaos Knight began the quest for
                  | the Orb.
     0 | D:1      | Reached XP level 1. HP: 18/18 MP: 1/1
   316 | D:1      | Gained mutation: You regenerate a little health from kills.
                  | [demonic ancestry]
   316 | D:1      | Reached XP level 2. HP: 19/24 MP: 2/2
   371 | D:1      | XOM: divination: detect creatures
   388 | D:1      | Found Boyxt's Weapon Boutique.
   455 | D:1      | XOM: silly message
   468 | D:1      | XOM: divination: magic mapping
   481 | D:1      | XOM: silly message
   505 | D:1      | XOM: smoke on damage
   548 | D:1      | XOM: 2-stop teleportation journey
   554 | D:1      | XOM: 3-stop teleportation journey
  1040 | D:2      | XOM: give mutations
  1040 | D:2      | Gained mutation: You possess an exceptional clarity of
                  | mind. [Xom's grace]
  1040 | D:2      | Gained mutation: Your flesh is heat resistant. (rF+) [Xom's
                  | grace]
  1052 | D:2      | Gained mutation: You regenerate health from kills. [demonic
                  | ancestry]
  1052 | D:2      | Reached XP level 3. HP: 29/29 MP: 3/3
  1073 | D:2      | Found a faded altar of an unknown god.
  1273 | D:2      | XOM: god gift: 5 silver javelins
  1283 | D:2      | Noticed a shapeshifter
  1283 | D:2      | an endoplasm changed into a shapeshifter
  1283 | D:2      | Noticed a troll
  1283 | D:2      | a shapeshifter changed into a troll
  1287 | D:2      | HP: 1/29 [troll (shapeshifter) (9)]
  1287 | D:2      | XOM: butterfly on damage
  1288 | D:2      | XOM: divine lightning
  1305 | D:2      | Noticed a shapeshifter
  1305 | D:2      | a troll changed into a shapeshifter
  1305 | D:2      | XOM: polymorph troll -> shapeshifter
  1305 | D:2      | Noticed a cane toad
  1305 | D:2      | a shapeshifter changed into a cane toad
  1510 | D:1      | XOM: butterfly on damage
  1511 | D:1      | XOM: divination: detect creatures
  1513 | D:1      | HP: 1/29 [cane toad (shapeshifter) (1)]
  1514 | D:1      | XOM: summons 3 friendly demons
  1515 | D:1      | Demolished by a cane toad (shapeshifter)

Illustrated notes

Levels and vault maps discovered:
D:1:      minmay_arrival_three_doors, layout_rooms, serial_shops,
          nicolae_square_shop, minmay_gold_behind_fungi
D:2:      layout_loops_ring, dreamdust_ecumenical_altar_drowned_temple

Skill      XL: |  1 |
---------------+----+-----
Polearms       | 3 |  3.9
Fighting       | |  3.0
Armour         | |  1.7
Dodging        | |  0.8

Action                   || total
-------------------------++-------
Melee: Spear             ||   115
Throw: Dart              ||     4
Armor: Leather armour    ||    21
Dodge: Dodged            ||    46

Table legend: (Time is in decaauts)
 A = Elapsed time spent in this place.
 B = Non-inter-level travel time spent in this place.
 C = Inter-level travel time spent in this place.
 D = Time resting spent in this place.
 E = Time spent auto-exploring this place.
 F = Levels seen in this place.
 G = Mean time per level.
                   A        B        C        D        E       F      G
               +--------+--------+--------+--------+--------+-----+--------+
         Total |   1515 |   1485 |     30 |    228 |    989 |   2 |  757.5 |
       Dungeon |   1515 |   1485 |     30 |    228 |    989 |   2 |  757.5 |
               +--------+--------+--------+--------+--------+-----+--------+

Top non-repeatable levels by time:
     D:1: 1220 daAuts
     D:2: 295 daAuts
